 Dungeon Crawl Stone Soup version 0.17-a0-2055-gb4e23be (webtiles) character file.

207 Shim the Cutter (level 5, -12/35 HPs)
             Began as a High Elf Gladiator on Oct 11, 2015.
             Mangled by Edmund
             ... wielding a +0 dire flail
              (13 damage)
             ... on level 4 of the Dungeon.
             The game lasted 00:17:24 (3525 turns).

Shim the Cutter (High Elf Gladiator)                Turns: 3525, Time: 00:17:24

Health: -12/35     AC:  9    Str: 14    XL:     5   Next: 54%
Magic:  6/6        EV: 12    Int: 11    God:
Gold:   96         SH:  8    Dex: 17    Spells: 0 memorised, 4 levels left

rFire  . . .     SeeInvis .     m - +1 dagger (protect)
rCold  + . .     Clarity  .     v - +0 robe
rNeg   . . .     SustAt   .     g - +0 shield (curse)
rPois  .         Gourm    +     c - +1 helmet
rElec  .         Spirit   .     (no cloak)
rCorr  .         Warding  .     (no gloves)
rMut   .         Stasis   .     (no boots)
MR     .....                    s - amulet of the gourmand
Stlth  ++........               (no ring)
                                j - ring of protection from cold

@: not resistant to hostile enchantments, unstealthy
A: no striking features
a: no special abilities


You were on level 4 of the Dungeon.
You were full.

You visited 1 branch of the dungeon, and saw 4 of its levels.

You collected 96 gold pieces.

Inventory:

Hand Weapons
 a - a +0 rapier
 k - a +1 short sword of speed
 m - a +1 dagger of protection (weapon)
 x - a +0 blowgun
Missiles
 d - 3 throwing nets
 t - 58 stones (quivered)
 u - 15 arrows
 B - 5 javelins
Armour
 b - a +0 leather armour
 c - a +1 helmet (worn)
 g - a cursed +0 shield (worn)
 v - a +0 robe (worn)
Jewellery
 j - a ring of protection from cold (left hand)
 s - an amulet of the gourmand (around neck)
Wands
 D - a wand of paralysis (15)
Scrolls
 f - 4 scrolls of identify
 i - a scroll of magic mapping
 l - a scroll of immolation
 p - 2 scrolls of blinking
 q - 2 scrolls of noise
 r - a scroll of remove curse {unknown}
 z - 2 scrolls of random uselessness {unknown}
 A - a scroll of teleportation {unknown}
Potions
 h - a potion of might {unknown}
 n - a potion of degeneration {unknown}
 w - 2 potions of poison
 C - a potion of agility {unknown}
Comestibles
 e - 2 bread rations
 E - a beef jerky


   Skills:
 + Level 2.6 Fighting
 + Level 4.6 Short Blades
 + Level 2.2 Throwing
 + Level 1.0 Armour
 + Level 4.4 Dodging
 * Level 2.9 Stealth
 * Level 1.1 Shields


You had 4 spell levels left.
You didn't know any spells.

Dungeon Overview and Level Annotations

Branches:
Dungeon (4/15)
 Temple: D:4-7

Altars:
Elyvilon
Kikubaaqudgha
Qazlal
Trog

Annotations:
D:4 Edmund


Message History

Edmund is almost dead.
Edmund hits you but does no damage.
You hit Edmund but do no damage.
Edmund is almost dead.
Edmund gestures with his flail.
Edmund hits you with a dire flail!
* * * LOW HITPOINT WARNING * * *
You completely miss Edmund.
Edmund is almost dead.
Edmund misses you.
Edmund says, "I'm quite good with sums, too."
Edmund hits you with a dire flail.
* * * LOW HITPOINT WARNING * * *
You closely miss Edmund.
Edmund is almost dead.
Edmund closely misses you.
Drink which item? (? for menu, Esc to quit)
It was a potion of cancellation.
You feel magically purged. Edmund hits you with a dire flail!
You die...

.............#...##..#
(.##.................#
..##.................##
...#.#..o...##........# #######
.....#...####..#...##.#####§§§§§§
...#........o.##.#........#§§§§§§
##.#.##..##.####o####.....#§§§§§§
##.#.##...#.####@###......#§§§§§§
##..............@##...###.######§
#........#........#.#..#......_#8
..######.#................######§
### #.........#.#....###§§§§§§
######....#......# #§§§§§§
###....#....# #§§§§§§
################.###....# #§§§§§§
...............#.####..## #######
##############....# ####


You could see Edmund and an orc.

Vanquished Creatures
  A crimson imp (D:4)
  An orc wizard (D:4)
  A worker ant (D:3)
  5 adders
  An ooze (D:1)
  4 worms
  An orc (D:4)
  A ball python (D:1)
  3 giant cockroaches
  9 goblins
  4 hobgoblins (D:2)
  6 kobolds
  2 quokkas
  3 bats
  A giant gecko (D:2)
  4 giant newts
  10 jackals
  6 rats
63 creatures vanquished.

Notes
Turn   | Place    | Note
--------------------------------------------------------------
     0 | D:1      | Shim the High Elf Gladiator began the quest for the Orb.
     0 | D:1      | Reached XP level 1. HP: 14/14 MP: 2/2
   212 | D:1      | Reached XP level 2. HP: 17/19 MP: 3/3
   310 | D:1      | Reached skill level 4 in Short Blades
   609 | D:1      | Reached skill level 1 in Stealth
  1016 | D:2      | Reached XP level 3. HP: 24/24 MP: 4/4
  1908 | D:2      | Reached skill level 1 in Armour
  1908 | D:2      | Reached XP level 4. HP: 26/30 MP: 5/5
  2406 | D:3      | Found a bloodstained altar of Trog.
  2410 | D:3      | Found an ancient bone altar of Kikubaaqudgha.
  2410 | D:3      | Found a white marble altar of Elyvilon.
  3056 | D:3      | Reached XP level 5. HP: 16/35 MP: 6/6
  3295 | D:4      | Reached skill level 1 in Shields
  3370 | D:4      | Found a stormy altar of Qazlal.
  3470 | D:4      | Noticed Edmund
  3522 | D:4      | HP: 1/35 [Edmund/dire flail (4)]
  3525 | D:4      | Mangled by Edmund

Vault maps used:
D:1:      scummos_arrival_simple_fountains
D:3:      gammafunk_temple_overflow_forgotten
D:4:      nicolae_qazlal_eye_of_the_storm, minmay_temple_entry_nine_rooms,
          kennysheep_generic_room_9, uniq_edmund

Action                   |  1- 3 |  4- 6 || total
-------------------------+-------+-------++-------
Melee: Rapier            |    67 |       ||    67
       Dagger            |    74 |    74 ||   148
 Fire: Blowgun           |       |    24 ||    24
Throw: Stone             |    20 |       ||    20
  Use: Scroll            |       |     6 ||     6
       Potion            |       |     1 ||     1
 Stab: Sleeping          |     2 |     6 ||     8
       Distracted        |       |     2 ||     2
  Eat: Chunk             |     5 |    11 ||    16
